 Dungeon Crawl Stone Soup version 0.30.0-19-g36f170ea60 (webtiles) character file.

Game seed: 1813494313390341776

4160 colophon the Carver (level 10, -5/90 HPs)
             Began as a Minotaur Berserker on May 25, 2023.
             Was an Elder of Trog.
             Slain by an ogre
             ... wielding a +0 glaive
              (17 damage)
             ... in a bailey on May 28, 2023.
             The game lasted 00:36:19 (7014 turns).

colophon the Carver (Minotaur Berserker)            Turns: 7014, Time: 00:36:20

Health: -5/90      AC: 17    Str: 26    XL:     10   Next: 7%
Magic:  9/9        EV: 10    Int:  4    God:    Trog [****..]
Gold:   353        SH:  0    Dex: 10    Spells: 9/9 levels left

rFire   + . .        D - +0 long sword
rCold   . . .        (no shield)
rNeg    . . .        k - +1 chain mail
rPois   .            (helmet restricted)
rElec   .            (no cloak)
rCorr   .            c - +0 pair of gloves
SInv    .            (no boots)
Will    .....        (no amulet) Stlth
                     d - +4 ring of protection
HPRegen 0.35/turn    w - ring of protection from fire
MPRegen 0.11/turn

%: no passive effects
@: on berserk cooldown, hasted, very quick
A: horns 2, retaliatory headbutt
a: Renounce Religion, Berserk, Trog's Hand, Brothers in Arms


You were in a bailey.
You worshipped Trog.
Trog was greatly pleased with you.
You visited 1 branch of the dungeon, and saw 8 of its levels.
You also visited: Ossuary and Bailey.

You collected 353 gold pieces.

Inventory:

Hand Weapons
 C - a +4 arbalest
 D - a +0 long sword (weapon)
Missiles
 B - 2 throwing nets (quivered)
Armour
 c - a +0 pair of gloves (worn)
 k - a +1 chain mail (worn)
 A - an orb of mayhem
Jewellery
 d - a +4 ring of protection (left hand)
 e - a ring of protection from cold
 f - a ring of flight
 w - a ring of protection from fire (right hand)
 x - a ring of ice
 y - a ring of see invisible
 z - a +6 ring of dexterity
Wands
 s - a wand of paralysis (11)
 u - a wand of quicksilver (8)
Scrolls
 b - a scroll of enchant armour
 i - 5 scrolls of identify
 o - a scroll of fear {unknown}
 q - 3 scrolls of teleportation
 t - a scroll of silence {unknown}
Potions
 a - a potion of attraction {unknown}
 l - a potion of flight {unknown}
 m - a potion of invisibility {unknown}
 r - a potion of ambrosia {unknown}
 v - 2 potions of curing


   Skills:
 + Level 8.4 Fighting
 + Level 12.7 Long Blades
 + Level 0.3 Throwing
 + Level 9.3 Armour
 + Level 3.6 Dodging
 + Level 1.2 Stealth


You had 9 spell levels left.
You didn't know any spells.
Your spell library was empty.

Dungeon Overview and Level Annotations

Branches:
Dungeon (8/15)             Temple (0/1) D:4         Ossuary (visited)
 Bailey (1/1)
   Lair: D:8-11

Altars:
Cheibriados
Kikubaaqudgha
Uskayaw
Vehumet
Wu Jian
Xom
Yredelemnul


Innate Abilities, Weirdness & Mutations

You have a pair of horns on your head.
You reflexively headbutt those who attack you in melee.


Message History

You kill the spriggan!
Trog accepts your kill.
The spriggan hits you with a +0 trident!
* * * LOW HITPOINT WARNING * * *
The ogre hits you from afar with a +0 glaive.
* * * LOW HITPOINT WARNING * * *
You have reached level 10!
You feel much better.
The spriggan hits you but does no damage.
The spriggan closely misses you.
You feel much better.
The spriggan hits you but does no damage.
The ogre hits you from afar with a +0 glaive!
The spriggan completely misses you.
You closely miss the spriggan.
You headbutt the spriggan, but do no damage.
The spriggan hits you from afar with a +0 trident.
The spriggan hits you with a +0 trident!
* * * LOW HITPOINT WARNING * * *
The ogre hits you from afar with a +0 glaive!
* * * LOW HITPOINT WARNING * * *
You barely miss the spriggan. Your headbutt misses the spriggan.
The spriggan hits you but does no damage.
The spriggan hits you with a +0 trident.
* * * LOW HITPOINT WARNING * * *
Unknown command.
You slash the spriggan!
The spriggan is heavily wounded.
The spriggan completely misses you. The ogre barely misses you.
You slash the spriggan!
You kill the spriggan!
Trog accepts your kill.
The spriggan hits you but does no damage.
The spriggan hits you but does no damage.
Okay, then.
You feel as though your hastened speed will last longer.
You feel yourself speed up. The spriggan completely misses you.
The ogre hits you from afar with a +0 glaive!
You die...

#~~~~~#
##~~~~~##
#.......##
#.........##
#..#######..##
..# ##..## ..#
##..## ##..#
#.@# #..# ♣iO#
#..# #).#
##.)# #♣..##
###~####..##
..~iO..).##


You could see an ogre and a spriggan.

Vanquished Creatures
  The ghost of JanusIIV the Skirmisher, a novice DEHu of Dithmenos (D:6)
  Maggie (D:7)
  4 spriggans (Bailey)
  Eustachio (D:4)
  A steam dragon (D:6)
  A water moccasin (D:8)
  An orc warrior (D:7)
  A sky beast (D:7)
  2 black bears (D:7)
  5 ogres
  3 phantoms (D:4)
  2 kobold brigands
  4 bullfrogs
  2 scorpions
  A howler monkey (D:6)
  A centaur zombie (Ossuary)
  3 quasits (D:6)
  2 human zombies (Ossuary)
  3 orc priests
  5 hounds
  3 gnoll boudas
  Crazy Yiuf (D:7)
  2 iguanas
  2 orc wizards
  4 mummies (Ossuary)
  8 adders
  9 gnolls
  A shadow imp (D:7)
  3 worms
  3 dart slugs
  12 orcs
  6 bats
  9 endoplasms
  4 giant cockroaches
  10 goblins
  4 hobgoblins
  9 jackals
  7 quokkas
  8 ball pythons
  4 frilled lizards
  2 goblin zombies (Ossuary)
  A hobgoblin zombie (Ossuary)
  17 kobolds
  2 orc zombies (Ossuary)
  6 rats
181 creatures vanquished.

Notes
Turn   | Place    | Note
-------+----------+-------------------------------------------
     0 | D:1      | colophon the Minotaur Berserker began the quest for the
                  | Orb.
     0 | D:1      | Reached XP level 1. HP: 19/19 MP: 0/0
   112 | D:1      | Reached XP level 2. HP: 27/27 MP: 1/1
   131 | D:1      | Reached skill level 4 in Long Blades
   429 | D:1      | Reached XP level 3. HP: 33/33 MP: 2/2
   437 | D:1      | Reached ** piety under Trog
  1160 | D:2      | Reached skill level 5 in Long Blades
  1307 | D:2      | Reached XP level 4. HP: 41/41 MP: 3/3
  1858 | D:3      | You fall into a shaft and drop 3 floors!
  1859 | D:6      | Noticed a bullfrog
  1864 | D:6      | Killed a bullfrog
  1865 | D:6      | Reached XP level 5. HP: 39/47 MP: 4/4
  1896 | D:6      | Found a snail-covered altar of Cheibriados.
  1922 | D:5      | Entered Level 5 of the Dungeon
  2122 | D:5      | Reached skill level 6 in Long Blades
  2212 | D:5      | Noticed an ogre
  2222 | D:5      | Reached XP level 6. HP: 55/55 MP: 5/5
  2226 | D:5      | Reached skill level 5 in Fighting
  2320 | D:5      | Found an ornate altar of the Wu Jian Council.
  2362 | D:4      | Found a sand-covered staircase.
  2366 | Ossuary  | Entered an ossuary
  2415 | Ossuary  | Reached skill level 7 in Long Blades
  2507 | Ossuary  | Reached *** piety under Trog
  2603 | Ossuary  | Reached XP level 7. HP: 41/61 MP: 6/6
  2832 | D:4      | Reached skill level 8 in Long Blades
  2961 | D:4      | Found a basalt altar of Yredelemnul.
  2964 | D:4      | Found a radiant altar of Vehumet.
  2967 | D:4      | Found a shimmering altar of Xom.
  3524 | D:4      | Noticed Eustachio
  3538 | D:4      | Killed Eustachio
  3539 | D:4      | Reached skill level 9 in Long Blades
  3559 | D:4      | Found a staircase to the Ecumenical Temple.
  3800 | D:5      | Found a hide-covered altar of Uskayaw.
  3823 | D:5      | Reached skill level 5 in Armour
  3823 | D:5      | Reached XP level 8. HP: 70/70 MP: 7/7
  4438 | D:6      | Reached skill level 10 in Long Blades
  4482 | D:6      | Upgraded the game from 0.30.0-18-gc0e69614cb to
                  | 0.30.0-19-g36f170ea60
  4593 | D:6      | Noticed JanusIIV's ghost (novice DEHu)
  4599 | D:6      | Found a transporter.
  4687 | D:6      | Found a transporter.
  4961 | D:7      | Found a runed translucent door.
  4962 | D:7      | Noticed Crazy Yiuf
  5134 | D:7      | Noticed Maggie
  5154 | D:7      | Killed Maggie
  5155 | D:7      | Reached skill level 1 in Stealth
  5290 | D:7      | Reached XP level 9. HP: 34/79 MP: 8/8
  5522 | D:7      | Reached **** piety under Trog
  5539 | D:7      | Reached skill level 11 in Long Blades
  6268 | D:7      | Found an ancient bone altar of Kikubaaqudgha.
  6344 | D:7      | Killed Crazy Yiuf
  6444 | D:6      | Killed JanusIIV's ghost
  6655 | D:8      | Reached skill level 12 in Long Blades
  6678 | D:8      | Found a flagged portal.
  6689 | Bailey   | Entered a bailey
  7003 | Bailey   | HP: 3/82 [ogre/+0 glaive (4)]
  7004 | Bailey   | Reached XP level 10. HP: 4/90 MP: 9/9
  7014 | Bailey   | Slain by an ogre

Illustrated notes

Levels and vault maps discovered:
D:1:      lightli_arrival_windingriver, layout_rooms, minmay_statues_item
D:2:      minmay_wonky_spiral, layout_loops_corners, grunt_decor_mini_mirrors
D:3:      layout_loops_ring
D:4:      layout_rooms, grunt_temple_overflow_diamond,
          minmay_temple_entry_junction, enter_ossuary_5, uniq_eustachio
D:5:      layout_basic, nicolae_uskayaw_murder_on_the_dancefloor,
          mainiacjoe_overflow_alcove_1, serial_bayou, serial_bayou_shore_b,
          serial_bayou_pond_e, serial_bayou_lake_a, serial_bayou_pond_d,
          serial_bayou_pond_e, serial_bayou_pond_b, serial_park_tiny_2,
          chequers_serial_rivers_micro_e
D:6:      layout_cave_pools, mainiacjoe_overflow_tiny_flanked,
          gammafunk_ghost_stat_death
D:7:      layout_loops_ring, lemuel_coloured_pillars_altar,
          kennysheep_nondescript, uniq_maggie, uniq_crazy_yiuf_cottage
D:8:      layout_basic, mainiacjoe_overflow_surrounded_room, enter_bailey_3,
          grunt_ministairs_9
Bailey:   bailey_polearm_enchanted_keep_hellmonk, bailey

Skill      XL: |  1  2  3  4  5  6  7  8  9 |
---------------+----------------------------+-----
Long Blades    | 4 5 6 7 9 10 12 | 12.7
Fighting       | 4 5 6 7 8 |  8.4
Armour         | 3 4 5 7 9 |  9.3
Dodging        | 3 |  3.6
Stealth        | 1 |  1.2
Throwing       | |  0.3

Action                     |  1- 3 |  4- 6 |  7- 9 | 10-12 || total
---------------------------+-------+-------+-------+-------++-------
  Melee: Falchion          |    96 |       |       |       ||    96
         Headbutt          |    17 |    15 |    60 |     1 ||    93
         Punch             |     1 |       |     4 |       ||     5
         Scimitar          |    18 |   101 |   198 |       ||   317
         Long sword        |       |       |    93 |     4 ||    97
  Throw: Throwing net      |       |       |     2 |       ||     2
 Invoke: Berserk           |     3 |     2 |    10 |       ||    15
    Use: Scroll            |       |     4 |     6 |       ||    10
         Potion            |       |       |     6 |     3 ||     9
 Armour: Animal skin       |     2 |       |       |       ||     2
         Chain mail        |    44 |    52 |   179 |     5 ||   280
         Leather armour    |     1 |       |       |       ||     1
  Dodge: Dodged            |    57 |    38 |   163 |     5 ||   263
